 Dungeon Sprint DCSS version 0.22-a0-367-gb72a975 (webtiles) character file.

2566 emperorscorpion the Thaumaturge (level 9, -10/76 HPs)
             Began as a Gnoll Skald on Apr 22, 2018.
             Was a Priest of Okawaru.
             Mangled by a four-headed hydra (14 damage)
             ... in the Dungeon (Sprint IX: "|||||||||||||||||||||||||||||").
             The game lasted 00:04:52 (381 turns).

emperorscorpion the Thaumaturge (Gnoll Skald)        Turns: 381, Time: 00:04:53

Health: -10/76     AC:  8    Str: 17    XL:     9   Next: 57%
Magic:  20/22      EV: 23    Int: 15    God:    Okawaru [***...]
Gold:   0          SH:  0    Dex: 18    Spells: 19/26 levels left

rFire    . . .     SeeInvis .   u - +2 scimitar (flame)
rCold    . . .     Gourm    .   (no shield)
rNeg     . . .     Faith    .   o - +0 leather armour
rPois    .         Spirit   .   (no helmet)
rElec    .         Reflect  .   (no cloak)
rCorr    .         Harm     .   (no gloves)
MR       .....     NoTele   +   v - +0 pair of boots
Stlth    +++++.....             (no amulet)
HPRegen  0.22/turn              s - +3 ring of strength
MPRegen  0.18/turn              t - +2 ring of protection

@: heroism
A: distributed training, fangs 1, strong nose
a: Heroism, Renounce Religion


You were in the Dungeon.
You worshipped Okawaru.
Okawaru was most pleased with you.
You were not hungry.

You visited 1 branch

Inventory:

Hand Weapons
 a - a +2 halberd of venom
 p - a +0 spear
 u - a +2 scimitar of flaming (weapon)
Armour
 o - a +0 leather armour (worn)
 q - a +0 pair of boots
 r - a +1 scale mail
 v - a +0 pair of boots (worn)
Magical Staves
 b - an uncursed staff of energy
Jewellery
 s - a +3 ring of strength (left hand)
 t - a +2 ring of protection (right hand)
Wands
 n - a wand of iceblast (10)
Scrolls
 j - 2 scrolls of blinking
 l - 3 scrolls of remove curse
 m - 2 scrolls of amnesia
Potions
 e - 5 potions of curing
 f - 3 potions of heal wounds
 g - a potion of haste
 h - 4 potions of magic
 i - a potion of berserk rage
 k - a potion of invisibility
Comestibles
 c - 2 chunks of flesh
 d - a ration


   Skills:
 + Level 9.1(14.1) Fighting
 + Level 7.7(12.7) Short Blades
 + Level 7.7(12.7) Long Blades
 + Level 7.7(12.7) Axes
 + Level 7.7(12.7) Maces & Flails
 + Level 9.1(14.1) Polearms
 + Level 7.7(12.7) Staves
 + Level 7.7(12.7) Slings
 + Level 7.7(12.7) Bows
 + Level 7.7(12.7) Crossbows
 + Level 7.7(12.7) Throwing
 + Level 8.2(13.2) Armour
 + Level 9.1(14.1) Dodging
 + Level 7.7(12.7) Stealth
 + Level 7.7(12.7) Shields
 + Level 7.7(12.7) Unarmed Combat
 + Level 9.3 Spellcasting
 + Level 6.4 Conjurations
 + Level 6.4 Hexes
 + Level 8.5 Charms
 + Level 6.4 Summonings
 + Level 6.4 Necromancy
 + Level 6.4 Translocations
 + Level 6.4 Transmutations
 + Level 6.4 Fire Magic
 + Level 6.4 Ice Magic
 + Level 6.4 Air Magic
 + Level 6.4 Earth Magic
 + Level 6.4 Poison Magic
 + Level 8.5 Invocations
 + Level 7.7 Evocations


You had 19 spell levels left.
You knew the following spells:

 Your Spells              Type           Power        Failure   Level  Hunger
a - Infusion              Chrm           ####         1%          1    None
r - Regeneration          Chrm/Necr      ####......   1%          3    #......
s - Spectral Weapon       Hex/Chrm       ####....     1%          3    #......


Dungeon Overview and Level Annotations

Branches:
Dungeon (1/1)

Altars:
Cheibriados
Dithmenos
Elyvilon
Fedhas
Gozag
Hepliaklqana
Kikubaaqudgha
Makhleb
Nemelex Xobeh
Okawaru
Qazlal
Ru
Sif Muna
Trog
Uskayaw
Vehumet
Wu Jian
Xom
Yredelemnul
Zin
The Shining One
Beogh
Jiyva
Lugonu


Innate Abilities, Weirdness & Mutations

Your experience applies equally to all skills.
You have very sharp teeth.
Your uncanny sense of smell can sniff out nearby items.


Message History

Your punch misses the five-headed hydra.
The five-headed hydra is moderately wounded.
The five-headed hydra barely misses you.
You riposte.
You slice the five-headed hydra!! You burn the five-headed hydra!
You punch the five-headed hydra.
You bite the five-headed hydra, but do no damage.
The five-headed hydra is severely wounded.
The five-headed hydra bites you.
The five-headed hydra barely misses you. x2
The five-headed hydra bites you!
You chop one of the five-headed hydra's heads off!
The flame cauterises the wound!
You hit the four-headed hydra. You burn the four-headed hydra.
The four-headed hydra is almost dead.
The four-headed hydra bites you!
* * * LOW HITPOINT WARNING * * *
The four-headed hydra bites you!
* * * LOW HITPOINT WARNING * * *
The four-headed hydra misses you. The four-headed hydra bites you!
You die...

▓.▓
▓.▓
▓.▓
▓.▓
▓.▓
∆
▓)▓
∆
▓.▓
∆
▓.▓
∆
▓@▓
▓D▓
∆
▓.▓
▓.▓
∆
▓)▓
∆
▓.▓
∆
▓.▓
∆
▓.▓
▓.▓


You could see a four-headed hydra.

Vanquished Creatures
  2 two-headed ogres (D)
  An ugly thing (D)
  A troll (D)
  A slime creature (D)
  A wraith (D)
  A wyvern (D)
  A soldier ant (D)
  A howler monkey (D)
  A crimson imp (D)
  A hound (D)
  A worker ant (D)
  An adder skeleton (D)
  An orc (D)
  A giant cockroach (D)
  A kobold (D)
  A quokka (D)
  2 frilled lizards (D)
  2 rats (D)
21 creatures vanquished.

Notes
Turn   | Place    | Note
-------+----------+-------------------------------------------
     0 | D        | emperorscorpion the Gnoll Skald began the quest for the Orb.
     0 | D        | Reached XP level 1. HP: 20/20 MP: 6/6
    12 | D        | Reached skill level 5 in Spellcasting
    14 | D        | Reached skill level 1 in Invocations
    24 | D        | Noticed a howler monkey
    24 | D        | Noticed a crimson imp
    32 | D        | Killed a crimson imp
    32 | D        | Reached skill level 5 in Fighting
    32 | D        | Reached skill level 5 in Polearms
    32 | D        | Reached skill level 5 in Dodging
    32 | D        | Reached skill level 1 in Conjurations
    32 | D        | Reached skill level 1 in Hexes
    32 | D        | Reached skill level 1 in Summonings
    32 | D        | Reached skill level 1 in Necromancy
    32 | D        | Reached skill level 1 in Translocations
    32 | D        | Reached skill level 1 in Transmutations
    32 | D        | Reached skill level 1 in Fire Magic
    32 | D        | Reached skill level 1 in Ice Magic
    32 | D        | Reached skill level 1 in Air Magic
    32 | D        | Reached skill level 1 in Earth Magic
    32 | D        | Reached skill level 1 in Poison Magic
    32 | D        | Reached XP level 2. HP: 21/27 MP: 1/8
    32 | D        | Reached XP level 3. HP: 26/33 MP: 1/9
    52 | D        | Reached XP level 4. HP: 15/39 MP: 0/11
    65 | D        | Learned a level 3 spell: Spectral Weapon
    69 | D        | Learned a level 3 spell: Regeneration
    75 | D        | Found a roughly hewn altar of Beogh.
    75 | D        | Found a snail-covered altar of Cheibriados.
    75 | D        | Found a shadowy altar of Dithmenos.
    75 | D        | Found a white marble altar of Elyvilon.
    75 | D        | Found a blossoming altar of Fedhas.
    75 | D        | Found an opulent altar of Gozag.
    76 | D        | Found a hazy altar of Hepliaklqana.
    77 | D        | Found a viscous altar of Jiyva.
    78 | D        | Found an ancient bone altar of Kikubaaqudgha.
    79 | D        | Found a corrupted altar of Lugonu.
    80 | D        | Found a burning altar of Makhleb.
    81 | D        | Found a sparkling altar of Nemelex Xobeh.
    82 | D        | Found an iron altar of Okawaru.
    83 | D        | Found a stormy altar of Qazlal.
    84 | D        | Found a sacrificial altar of Ru.
    85 | D        | Found a deep blue altar of Sif Muna.
    86 | D        | Found a bloodstained altar of Trog.
    87 | D        | Found a hide-covered altar of Uskayaw.
    88 | D        | Found a radiant altar of Vehumet.
    89 | D        | Found an ornate altar of the Wu Jian Council.
    90 | D        | Became a worshipper of Warmaster Okawaru
    91 | D        | Found a shimmering altar of Xom.
    92 | D        | Found a basalt altar of Yredelemnul.
    93 | D        | Found a glowing silver altar of Zin.
    94 | D        | Found a glowing golden altar of the Shining One.
   170 | D        | Noticed a wyvern
   170 | D        | Noticed a two-headed ogre
   170 | D        | Noticed a wraith
   176 | D        | Killed a wyvern
   176 | D        | Reached XP level 5. HP: 39/46 MP: 9/14
   176 | D        | Reached XP level 6. HP: 44/52 MP: 9/15
   180 | D        | Killed a two-headed ogre
   180 | D        | Reached * piety under Okawaru
   180 | D        | Reached ** piety under Okawaru
   180 | D        | Reached XP level 7. HP: 44/60 MP: 11/18
   180 | D        | Reached XP level 8. HP: 49/67 MP: 11/19
   181 | D        | Reached skill level 5 in Conjurations
   181 | D        | Reached skill level 5 in Hexes
   181 | D        | Reached skill level 5 in Summonings
   181 | D        | Reached skill level 5 in Necromancy
   181 | D        | Reached skill level 5 in Translocations
   181 | D        | Reached skill level 5 in Transmutations
   181 | D        | Reached skill level 5 in Fire Magic
   181 | D        | Reached skill level 5 in Ice Magic
   181 | D        | Reached skill level 5 in Air Magic
   181 | D        | Reached skill level 5 in Earth Magic
   181 | D        | Reached skill level 5 in Poison Magic
   188 | D        | Killed a wraith
   231 | D        | Noticed a two-headed ogre
   231 | D        | Noticed a brown ugly thing
   231 | D        | Noticed a slime creature
   231 | D        | Noticed a troll
   231 | D        | Noticed a six-headed hydra
   235 | D        | Killed a two-headed ogre
   235 | D        | Reached *** piety under Okawaru
   235 | D        | Reached XP level 9. HP: 75/75 MP: 14/21
   240 | D        | Killed a brown ugly thing
   325 | D        | Killed a troll
   325 | D        | Reached **** piety under Okawaru
   381 | D        | Mangled by a four-headed hydra

Vault maps used:
D:        linesprint

Skill      XL: |  1  2  3  4  5  6  7  8  9 |
---------------+----------------------------+-----
Spellcasting   | 5 6 7 8 9 |  9.3
Invocations    | 2 4 6 7 8 |  8.5
Fighting       | 5 6 7 8 9 |  9.1
Short Blades   | 2 4 6 7 |  7.7
Long Blades    | 2 4 6 7 |  7.7
Axes           | 2 4 6 7 |  7.7
Maces & Flails | 2 4 6 7 |  7.7
Polearms       | 5 6 7 8 9 |  9.1
Staves         | 2 4 6 7 |  7.7
Slings         | 2 4 6 7 |  7.7
Bows           | 2 4 6 7 |  7.7
Crossbows      | 2 4 6 7 |  7.7
Throwing       | 2 4 6 7 |  7.7
Armour         | 3 4 6 7 8 |  8.2
Dodging        | 5 6 7 8 9 |  9.1
Stealth        | 2 4 6 7 |  7.7
Shields        | 2 4 6 7 |  7.7
Unarmed Combat | 2 4 6 7 |  7.7
Conjurations   | 1 2 3 4 5 6 |  6.4
Hexes          | 1 2 3 4 5 6 |  6.4
Summonings     | 1 2 3 4 5 6 |  6.4
Necromancy     | 1 2 3 4 5 6 |  6.4
Translocations | 1 2 3 4 5 6 |  6.4
Transmutations | 1 2 3 4 5 6 |  6.4
Fire Magic     | 1 2 3 4 5 6 |  6.4
Ice Magic      | 1 2 3 4 5 6 |  6.4
Air Magic      | 1 2 3 4 5 6 |  6.4
Earth Magic    | 1 2 3 4 5 6 |  6.4
Poison Magic   | 1 2 3 4 5 6 |  6.4
Evocations     | 2 4 6 7 |  7.7
Charms         | 6 7 8 |  8.5

Action                   |  1- 3 |  4- 6 |  7- 9 || total
-------------------------+-------+-------+-------++-------
Melee: Spear             |    37 |     5 |       ||    42
       Bite              |     5 |     2 |     6 ||    13
       Halberd           |       |    10 |    25 ||    35
       Scimitar          |       |       |     5 ||     5
       Punch             |       |       |     3 ||     3
 Cast: Infusion          |     1 |       |       ||     1
       Regeneration      |       |     1 |     4 ||     5
       Spectral Weapon   |       |     1 |     2 ||     3
Invok: Heroism           |       |       |     3 ||     3
Evoke: Staff of energy   |       |       |     7 ||     7
 Stab: Sleeping          |     1 |     1 |     1 ||     3
       Distracted        |       |       |     1 ||     1
Armor: Leather armour    |     8 |       |     1 ||     9
Dodge: Dodged            |    14 |    11 |    18 ||    43
       Rpst.: Scimitar   |       |       |     1 ||     1

Table legend:
 A = Spawn XP
 B = Non-spawn XP
 C = Spawn XP percentage of total XP
 D = Spawn monster count
 E = Non-spawn monster count
 F = Spawn count percentage of total count
 G = Total turns spent on level
                    A         B        C        D         E        F      G
               +---------+---------+-------+---------+---------+-------+---------
         Total |       0 |    3667 |   0.0 |       0 |      21 |   0.0 |   381
               +---------+---------+-------+---------+---------+-------+---------
             D |       0 |    3667 |   0.0 |       0 |      21 |   0.0 |   381
               +---------+---------+-------+---------+---------+-------+---------
